 Dungeon Crawl Stone Soup version 0.27-a0-1322-gfdffb62a71 (webtiles) character file.

Game seed: 14610240188648659742

60 loogie the Charlatan (level 3, -3/18 HPs)
             Began as a Spriggan Artificer on June 22, 2021.
             Was an Initiate of Gozag.
             Slain by a gnoll (5 damage)
             ... on level 3 of the Dungeon.
             The game lasted 00:20:49 (2436 turns).

loogie the Charlatan (Spriggan Artificer)           Turns: 2436, Time: 00:20:49

Health: -3/18      AC:  6    Str:  4 (6)  XL:     3   Next: 82%
Magic:  4/4        EV: 18    Int: 12 (13) God:    Gozag
Gold:   90         SH:  0    Dex: 14 (15) Spells: 2/2 levels left

rFire    . . .     SeeInvis +   g - +0 short sword
rCold    . . .     Faith    .   (shield restricted)
rNeg     . . .     Spirit   .   b - +0 robe {Cool}
rPois    .         Reflect  .   (helmet restricted)
rElec    .         Harm     .   (no cloak)
rCorr    .         Rampage  .   (gloves unavailable)
Will     .....                  (boots unavailable)
Stlth    ++........             (no amulet)
HPRegen  0.06/turn              l - +4 ring of protection
MPRegen  0.09/turn              (no ring)

@: very quick
A: very small, no large weapons, unfitting armour, see invisible, speed 3,
antennae 1, deterioration 1, weak 1
a: Renounce Religion, Potion Petition, Call Merchant, Bribe Branch


You were on level 3 of the Dungeon.
You worshipped Gozag.
Gozag was noncommittal.
You visited 1 branch of the dungeon, and saw 3 of its levels.

You collected 90 gold pieces.

Inventory:

Hand Weapons
 a - a +0 club
 g - a +0 short sword (weapon)
 i - a +0 spear
 n - a +0 short sword
 q - a +0 hunting sling
Missiles
 h - 9 poisoned darts
 p - 53 arrows
 r - 18 stones
 v - 30 sling bullets
Armour
 b - a +0 robe (worn) {Cool}
 j - a +0 kite shield
 m - a +0 leather armour
 t - a +0 robe
Jewellery
 l - a +4 ring of protection (left hand)
Wands
 d - a wand of charming (11) (quivered)
Scrolls
 f - a scroll of identify {unknown}
 o - a scroll of immolation {unknown}
 s - 2 scrolls of teleportation {unknown}
Potions
 k - a potion of flight {unknown}
 u - a potion of degeneration {unknown}
Miscellaneous
 e - a piece from Xom's chessboard (15/15)


   Skills:
 + Level 1.1 Fighting
 + Level 0.9 Maces & Flails
 + Level 4.2 Dodging
 * Level 1.9 Stealth
 + Level 4.8 Evocations


You had 2 spell levels left.
You didn't know any spells.
Your spell library contained the following spells:

 Spells                   Type           Power      Damage    Failure   Level
 Magic Dart               Conj           0%         1d3       32%         1
 Blink                    Tloc           N/A        N/A       45%         2
 Call Imp                 Summ           0%         N/A       45%         2
 Slow                     Hex            0%         N/A       45%         2
 Conjure Flame            Conj/Fire      0%         6-21      69%         3
 Mephitic Cloud           Conj/Pois/Air  0%         N/A       69%         3


Dungeon Overview and Level Annotations

Branches:
Dungeon (3/15)

Altars:
Gozag


Innate Abilities, Weirdness & Mutations

You are very small and have problems with some larger weapons.
You are too small for most types of armour.
You have supernaturally acute eyesight. (SInv)
You cover ground extremely quickly. (Speed+++)
You have a pair of small antennae on your head.
Your body sometimes deteriorates upon taking damage.
You are weak. (Str -2)


Message History

The goblin hits you but does no damage.
You barely miss the goblin. The goblin completely misses you.
You hit the goblin.
The goblin is heavily wounded.
The goblin misses you.
You hit the goblin.
You kill the goblin!
You now have 90 gold pieces (gained 6).
You see here a +0 club.
You see here a +0 club.
The gnoll closely misses you.
You hit the gnoll but do no damage. The gnoll misses you.
You barely miss the gnoll. The gnoll closely misses you.
You closely miss the gnoll. The gnoll barely misses you.
You closely miss the gnoll. The gnoll hits you but does no damage.
You closely miss the gnoll. The gnoll hits you with a +0 spear.
Aiming: Charm
Press: ? - help, Q - select action, (/) - cycle Shift-Dir - straight line, f/p - gnoll
Aim: a gnoll, wielding a +0 spear (chance to affect: 69%)
The gnoll is charmed.
A frilled lizard comes into view.
The frilled lizard closely misses your gnoll.
You swap places.
You swap places.
The frilled lizard bites your gnoll.
You swap places.
You swap places.
The gnoll is no longer charmed.
The gnoll barely misses you.
The gnoll hits you from afar with a +0 spear.
Your body deteriorates!
You feel weakened. The gnoll barely misses you.
The gnoll completely misses you. The gnoll barely misses you.
The gnoll hits you with a +0 spear.
* * * LOW HITPOINT WARNING * * *
The gnoll hits you with a +0 spear.
* * * LOW HITPOINT WARNING * * *
Your body deteriorates!
You feel clumsy. The gnoll hits you with a +0 spear.
You die...
Your body crumbles into a pile of gold.

##### #..<# ### #...# #g$
#...# #g# #...# #.#
####################.###.#
.........@gl..............
###############..#...#####
#......###..##
########.....## ##..##
#...........## +#..###
+..........## ##....
#...........## +#..... $
#.......).#..## ##......
#.......#.##..###..###+#


You could see a gnoll and a frilled lizard.

Vanquished Creatures
  2 adders (D:2)
  3 dart slugs
  4 endoplasms
  2 giant cockroaches
  2 hobgoblins
  A quokka (D:2)
  2 ball pythons (D:2)
  4 bats
  2 goblins
  6 rats
28 creatures vanquished.

Vanquished Creatures (collateral kills)
  A gnoll (D:3)
1 creature vanquished.

Vanquished Creatures (others)
  A gnoll (D:3)
1 creature vanquished.

Grand Total: 30 creatures vanquished

Notes
Turn   | Place    | Note
-------+----------+-------------------------------------------
     0 | D:1      | loogie the Spriggan Artificer began the quest for the Orb.
     0 | D:1      | Reached XP level 1. HP: 9/9 MP: 2/2
   938 | D:1      | Reached XP level 2. HP: 14/14 MP: 3/3
  1394 | D:2      | Reached skill level 1 in Fighting
  1468 | D:2      | Reached XP level 3. HP: 18/18 MP: 4/4
  1741 | D:2      | Gained mutation: Your body sometimes deteriorates upon
                  | taking damage. [potion of mutation]
  1741 | D:2      | Gained mutation: You are weak. (Str -2) [potion of
                  | mutation]
  1741 | D:2      | Gained mutation: You have a pair of small antennae on your
                  | head. [potion of mutation]
  1921 | D:2      | Found a faded altar of an unknown god.
  1926 | D:2      | Became a worshipper of Gozag Ym Sagoz the Greedy
  2436 | D:3      | Slain by a gnoll

Illustrated notes

Levels and vault maps discovered:
D:1:      dpeg_arrival_subterranean_lakeside_camping, layout_basic,
          minmay_crystal_water, minmay_misc_feat_doors, lemuel_old_faithful
D:2:      layout_rooms, hellmonk_ecumenical_altar_inner_sanctum
D:3:      layout_basic, general_overflow_altar, nemelex_diamond_rough_becter,
          minmay_misc_feat_tiny, uniq_robin

Skill      XL: |  1  2 |
---------------+-------+-----
Fighting       | 1 |  1.1
Dodging        | 4 |  4.2
Maces & Flails | |  0.9
Stealth        | |  1.9
Evocations     | |  4.8

Action                   || total
-------------------------++-------
Melee: Club              ||    64
       Short sword       ||    25
Evoke: Wand              ||    19
  Use: Potion            ||     2
Armor: Robe              ||    18
Dodge: Dodged            ||   110

Table legend: (Time is in decaauts)
 A = Elapsed time spent in this place.
 B = Non-inter-level travel time spent in this place.
 C = Inter-level travel time spent in this place.
 D = Time resting spent in this place.
 E = Time spent auto-exploring this place.
 F = Levels seen in this place.
 G = Mean time per level.
                   A        B        C        D        E       F      G
               +--------+--------+--------+--------+--------+-----+--------+
         Total |   1722 |   1722 |      0 |      0 |      0 |   3 |  574.0 |
       Dungeon |   1722 |   1722 |      0 |      0 |      0 |   3 |  574.0 |
               +--------+--------+--------+--------+--------+-----+--------+

Top non-repeatable levels by time:
     D:1: 983 daAuts
     D:2: 564 daAuts
     D:3: 175 daAuts
